 Dungeon Crawl Stone Soup version 0.29-a0-816-g82769f0e0c (webtiles) character file.

Game seed: 6127290411070225532

39 Garessta the Scratcher (level 3, -8/16 HPs)
             Began as a Felid Transmuter on July 5, 2022.
             Was a Follower of Qazlal.
             Mangled by a kobold
             ... wielding a +1 dagger of electrocution
              (20 damage)
             ... on level 2 of the Dungeon.
             The game lasted 00:02:51 (1063 turns).

Garessta the Scratcher (Felid Transmuter)           Turns: 1063, Time: 00:02:51

Health: -8/16      AC:  1    Str:  6    XL:     3   Next: 26%
Magic:  6/7        EV: 17    Int: 16    God:    Qazlal [*.....]
Gold:   78         SH:  2    Dex: 16    Spells: 0/6 levels left
                                        Lives:  0   Deaths: 0

rFire   . . .      SeeInvis +     - Unarmed
rCold   . . .      Faith    .   (shield unavailable)
rNeg    . . .      Spirit   .   (body armour unavailable)
rPois   +          Reflect  .   (helmet unavailable)
rElec   .          Harm     .   (cloak unavailable)
rCorr   .          Rampage  .   (gloves unavailable)
Will    .....                   (boots unavailable)
Stlth   +.........              (no amulet)
HPRegen 0.05/turn               i - ring of poison resistance
MPRegen 0.10/turn               (no ring)

@: appendages, quick
A: horns 2, very small, claws 1, fangs 3, see invisible, speed 1, shaggy fur 1,
stealthy paws, no weapons or thrown items, no armour, multi-lived
a: End Transformation, Renounce Religion


You were on level 2 of the Dungeon.
You worshipped Qazlal.
Qazlal was aware of your devotion.
You had temporarily grown beastly horns.
You visited 1 branch of the dungeon, and saw 2 of its levels.

You collected 78 gold pieces.

Inventory:

Jewellery
 i - a ring of poison resistance (left paw)
 k - a ring of ice
Scrolls
 d - 2 scrolls of fear {unknown}
 f - a scroll of identify {unknown}
 j - a scroll of immolation {unknown}
Potions
 a - a potion of lignification
 b - 2 potions of heal wounds {unknown}
 c - 2 potions of flight {unknown}
 e - a potion of curing {unknown}
 g - 2 potions of mutation {unknown}
 h - a potion of berserk rage {unknown}


   Skills:
 - Level 2.2 Fighting
 - Level 2.6 Dodging
 - Level 3.6 Unarmed Combat
 - Level 2.0 Spellcasting
 + Level 2.3 Transmutations
 + Level 0.3 Poison Magic


You couldn't memorise any spells.
You knew the following spells:

 Your Spells              Type           Power      Damage    Failure   Level
a - Beastly Appendage     Tmut           18%        N/A       8%          1
b - Wereblood             Tmut           9%         N/A       12%         2
c - Spider Form           Tmut/Pois      5%         N/A       34%         3

Your spell library contained the following spells:

 Spells                   Type           Power      Damage    Failure   Level
 Freeze                   Ice            4%         1d3       21%         1
 Frozen Ramparts          Ice            2%         1d2       52%         3
 Ice Form                 Ice/Tmut       5%         N/A       77%         4
 Hailstorm                Conj/Ice       1%         3d3       90%         4


Dungeon Overview and Level Annotations

Branches:
Dungeon (2/15)

Altars:
Qazlal


Innate Abilities, Weirdness & Mutations

You have temporarily grown beastly horns.
You have sharp claws.
You have razor-sharp teeth.
You have supernaturally acute eyesight. (SInv)
You cover ground quickly. (Speed+)
You are covered in fur. (AC +1)
Your paws help you pounce on unaware monsters.
You are incapable of wielding weapons or throwing items.
You cannot wear armour.
You gain extra lives every three experience levels.


Message History

You open the door.
There is an open door here.
d - 2 scrolls labelled JAUTIENOX (gained 1) Done exploring.
Done exploring.
There is a stone staircase leading down here.
You climb downwards.
Found a scroll labelled YFFYIN KIONT and a glowing cabochon ring.
There is a stone staircase leading up here.
j - a scroll labelled YFFYIN KIONT
k - a ring of ice
Okay, then.
You now have 78 gold pieces (gained 16).
Found 2 stones.
An adder comes into view.
Casting: Beastly Appendage (safe; 9% risk of failure)
Confirm with . or Enter, or press ? or * to list all spells.
You grow a pair of large bovine horns.
You scratch the adder. You headbutt the adder.
You kill the adder!
Qazlal accepts your kill.
Your transformation is almost over.
Magic restored.
You see here an adder corpse.
Your horns disappear.
A kobold comes into view.
It is wielding a +1 dagger of electrocution.
A kobold is nearby!
Casting: Beastly Appendage (safe; 8% risk of failure)
Confirm with . or Enter, or press ? or * to list all spells.
You grow a pair of large bovine horns.
A bat comes into view.
Found a white potion and 9 gold pieces.
You scratch the bat but do no damage. The bat closely misses you.
The kobold misses you.
You closely miss the kobold. You bite the kobold, but do no damage.
The bat misses you.
The kobold hits you with a +1 dagger of electrocution.
You are electrocuted!!
Ouch! That really hurt!
You die...

##### #.##.#
#.#...########.##.##
#.#.#...........#...
#.#..†###.......#..#
###.##.##
#.#####.#... ....#.#
#.# #..... #..#.#
#.# ###...
#.##..#.## #.# #...
#.....@..# #.# ####
......Kb...!(.#
.#.............
.......#......#
#.......##.##.#
#....... .# .#
#...$... .# #
##.....


You could see a bat and a kobold.

Vanquished Creatures
  An adder (D:2)
  2 dart slugs (D:1)
  2 bats (D:1)
  An endoplasm (D:1)
  2 giant cockroaches (D:1)
  4 hobgoblins (D:1)
  3 quokkas (D:1)
  4 ball pythons (D:1)
  2 frilled lizards (D:1)
  A goblin (D:1)
  2 kobolds (D:1)
  A rat (D:1)
25 creatures vanquished.

Notes
Turn   | Place    | Note
-------+----------+-------------------------------------------
     0 | D:1      | Garessta the Felid Transmuter began the quest for the Orb.
     0 | D:1      | Reached XP level 1. HP: 9/9 MP: 4/4
   189 | D:1      | Found a faded altar of an unknown god.
   231 | D:1      | Prayed at the altar of an unknown god.
   231 | D:1      | Became a worshipper of Qazlal Stormbringer
   231 | D:1      | Reached * piety under Qazlal
   482 | D:1      | Reached XP level 2. HP: 12/12 MP: 4/6
   940 | D:1      | Reached XP level 3. HP: 16/16 MP: 5/7
   943 | D:1      | Learned a level 2 spell: Wereblood
   947 | D:1      | Learned a level 3 spell: Spider Form
  1063 | D:2      | Mangled by a kobold

Illustrated notes

Levels and vault maps discovered:
D:1:      erik_arrival_blinker_ship, layout_basic,
          hellmonk_ecumenical_altar_lost_god, minmay_tetromino_l4
D:2:      layout_loops_ring

Skill      XL: |  1  2 |
---------------+-------+-----
Fighting       | 2 |  2.2
Dodging        | |  2.6
Unarmed Combat | |  3.6
Spellcasting   | |  2.0
Transmutations | |  2.3
Poison Magic   | |  0.3

Action                   || total
-------------------------++-------
Melee: Unarmed           ||    55
       Headbutt          ||    12
       Bite              ||     5
       Punch             ||     1
 Cast: Beastly Appendage ||    17
Armor: Skin              ||     4
Dodge: Dodged            ||    36
Block: Other             ||     2

Table legend: (Time is in decaauts)
 A = Elapsed time spent in this place.
 B = Non-inter-level travel time spent in this place.
 C = Inter-level travel time spent in this place.
 D = Time resting spent in this place.
 E = Time spent auto-exploring this place.
 F = Levels seen in this place.
 G = Mean time per level.
                   A        B        C        D        E       F      G
               +--------+--------+--------+--------+--------+-----+--------+
         Total |    970 |    966 |      4 |      0 |    765 |   2 |  485.0 |
       Dungeon |    970 |    966 |      4 |      0 |    765 |   2 |  485.0 |
               +--------+--------+--------+--------+--------+-----+--------+

Top non-repeatable levels by time:
     D:1: 924 daAuts
     D:2: 46 daAuts
